 Dungeon Sprint DCSS version 0.31-a0-7-g51783674b7 (webtiles) character file.

Game seed: 14091566727476309824

789 rocky1 the Geomancer (level 7, -2/44 HPs)
             Began as a Deep Elf Earth Elementalist on May 6, 2023.
             Was a High Priest of Sif Muna.
             Slain by a flayed ghost (22 damage)
             ... in the Dungeon (Sprint VII: "The Pits").
             The game lasted 00:03:21 (1017 turns).

rocky1 the Geomancer (Deep Elf Earth Elementalist)  Turns: 1017, Time: 00:03:22

Health: -2/44      AC:  2    Str:  5    XL:     7   Next: 56%
Magic:  17/20      EV: 15    Int: 22    God:    Sif Muna [*****.]
Gold:   0          SH:  0    Dex: 15    Spells: 18/22 levels left

rFire   . . .        l - +2 short sword (protect)
rCold   . . .        (no shield)
rNeg    . . .        a - +0 robe
rPois   .            (no helmet)
rElec   .            (no cloak)
rCorr   .            (no gloves)
SInv    .            (no boots)
Will    .....        (no amulet)
Stlth   ++++         (no ring)
HPRegen 0.27/turn    (no ring)
MPRegen 0.17/turn

%: no teleportation
@: flayed
A: no striking features
a: Renounce Religion, Channel Magic, Forget Spell, Divine Exegesis


You were in the Dungeon.
You worshipped Sif Muna.
Sif Muna was extremely pleased with you.
You visited 1 branch

Inventory:

Hand Weapons
 j - a +0 quarterstaff of speed
 l - a +2 short sword of protection (weapon)
Armour
 a - a +0 robe (worn)
Scrolls
 h - 5 scrolls of amnesia
 i - a scroll of butterflies
Potions
 b - 4 potions of magic
 c - 6 potions of curing
 d - 5 potions of heal wounds
 e - a potion of haste
 f - 3 potions of berserk rage
 g - 2 potions of invisibility
 k - a potion of ambrosia {unknown}


   Skills:
 + Level 4.6 Fighting
 + Level 7.5 Dodging
 + Level 8.1 Stealth
 + Level 8.2 Spellcasting
 + Level 6.2 Conjurations
 - Level 1.1 Transmutations
 * Level 9.9 Earth Magic
 + Level 6.5 Invocations


You had 18 spell levels left.
You knew the following spells:

 Your Spells              Type           Power      Damage    Failure   Level
a - Sandblast             Erth           100%       2d20      1%          1
b - Stone Arrow           Conj/Erth      88%        3d12      1%          3

Your spell library contained the following spells:

 Spells                   Type           Power      Damage    Failure   Level
 Passwall                 Tmut/Erth      27%        N/A       1%          2
 Petrify                  Tmut/Erth      33%        N/A       8%          4


Dungeon Overview and Level Annotations

Branches:
Dungeon (1/1)

Altars:
Ashenzari
Cheibriados
Dithmenos
Elyvilon
Fedhas
Gozag
Hepliaklqana
Kikubaaqudgha
Makhleb
Nemelex Xobeh
Okawaru
Qazlal
Ru
Sif Muna
Trog
Uskayaw
Vehumet
Wu Jian
Xom
Yredelemnul
Zin
The Shining One
Jiyva
Lugonu


Message History

The flayed ghost cries, "Feel what I felt!"
Terrible wounds spread across more of your body!
Aiming: Stone Arrow (safe; 1% risk of failure)
Press: ? - help, Q - select action, (/) - cycle Shift-Dir - straight line, f/p - basilisk
Aim: a basilisk (almost dead, 70% to hit)
The stone arrow hits the basilisk!
You kill the basilisk!
Sif Muna accepts your kill.
You see here Sif Muna's Compilation of Hapless Darkness {god gift}.
Sif Muna grants you a gift!
Your Stealth skill increases to level 8!
Your Spellcasting skill increases to level 8!
Your Conjurations skill increases to level 6!
Unknown command.
Aiming: Stone Arrow (safe; 1% risk of failure)
Press: ? - help, Q - select action, (/) - cycle Shift-Dir - straight line, f - jelly
Aim: a jelly (100% to hit)
The stone arrow hits the jelly!!
You kill the jelly!
Sif Muna accepts your kill.
Aiming: Stone Arrow (safe; 1% risk of failure)
Press: ? - help, Q - select action, (/) - cycle Shift-Dir - straight line, f - flayed ghost
Aim: a flayed ghost (lightly damaged, 64% to hit)
The stone arrow hits the flayed ghost!!
The flayed ghost is heavily damaged.
Unknown command.
You don't have enough magic to cast this spell.
Unknown command.
Magic courses through your body. The flayed ghost hits you!!
* * * LOW HITPOINT WARNING * * *
You feel much better. The flayed ghost hits you!
Unknown command.
Aiming: Stone Arrow (safe; 1% risk of failure)
Press: ? - help, Q - select action, (/) - cycle Shift-Dir - straight line, f/p - flayed ghost
Aim: a flayed ghost (heavily damaged, 64% to hit)
The stone arrow hits the flayed ghost!
The flayed ghost is severely damaged.
The flayed ghost hits you!!
Ouch! That really hurt!
You die...

#.####'##'###...<...#
#)#........##.......#
#.#........##.......#
#'###########.......#
#.......#.. #########
#...#...#.# ###
#..[#...#.# ...#
#.##.##.#'#....#
#...#...#@W....+
#...#...#'#....#
#.......).# ...#
########### ###


You could see a flayed ghost.

Vanquished Creatures
  A basilisk (D)
  Menkaure (D)
  A floating eye (D)
  An ice beast (D)
  A kobold brigand (D)
  A scorpion (D)
  2 necrophages (D)
  A jelly (D)
  Terence (D)
  A mummy (D)
  2 river rats (D)
  A worm (D)
  An orc (D)
  A ball python (D)
  A goblin (D)
  2 quokkas (D)
  2 ball python zombies (D)
  A frilled lizard (D)
  A jackal skeleton (D)
23 creatures vanquished.

Notes
Turn   | Place    | Note
-------+----------+-------------------------------------------
     0 | D        | rocky1 the Deep Elf Earth Elementalist began the quest for
                  | the Orb.
     0 | D        | Reached XP level 1. HP: 10/10 MP: 6/6
    11 | D        | Noticed a scorpion
    17 | D        | Killed a scorpion
    18 | D        | Reached skill level 1 in Fighting
    18 | D        | Reached skill level 5 in Earth Magic
    18 | D        | Reached XP level 2. HP: 10/17 MP: 2/9
    18 | D        | Reached XP level 3. HP: 12/21 MP: 2/11
    22 | D        | Learned a level 3 spell: Stone Arrow
    96 | D        | Found a bloodstained altar of Trog.
    96 | D        | Found a shimmering blue altar of Sif Muna.
    96 | D        | Found a viscous altar of Jiyva.
    96 | D        | Found a hazy altar of Hepliaklqana.
    96 | D        | Found an opulent altar of Gozag.
    97 | D        | Found a glowing golden altar of the Shining One.
    97 | D        | Found a glowing silver altar of Zin.
    97 | D        | Found a basalt altar of Yredelemnul.
    97 | D        | Found a shimmering altar of Xom.
    97 | D        | Found an ornate altar of the Wu Jian Council.
    97 | D        | Found a sacrificial altar of Ru.
    97 | D        | Found a stormy altar of Qazlal.
    97 | D        | Found an iron altar of Okawaru.
    97 | D        | Found a sparkling altar of Nemelex Xobeh.
    97 | D        | Found a burning altar of Makhleb.
    97 | D        | Found a blossoming altar of Fedhas.
    97 | D        | Found a white marble altar of Elyvilon.
    97 | D        | Found a shadowy altar of Dithmenos.
    97 | D        | Found a snail-covered altar of Cheibriados.
   100 | D        | Found a corrupted altar of Lugonu.
   100 | D        | Found a radiant altar of Vehumet.
   101 | D        | Found an ancient bone altar of Kikubaaqudgha.
   101 | D        | Found a hide-covered altar of Uskayaw.
   101 | D        | Found a broken altar of Ashenzari.
   102 | D        | Became a worshipper of Sif Muna the Loreminder
   140 | D        | Reached XP level 4. HP: 23/26 MP: 8/12
   177 | D        | Reached * piety under Sif Muna
   200 | D        | Noticed a necrophage
   205 | D        | Killed a necrophage
   206 | D        | Reached skill level 5 in Stealth
   206 | D        | Reached skill level 5 in Spellcasting
   206 | D        | Reached skill level 6 in Earth Magic
   206 | D        | Reached XP level 5. HP: 31/31 MP: 7/14
   206 | D        | Reached ** piety under Sif Muna
   422 | D        | Noticed an ice beast
   429 | D        | Reached skill level 5 in Dodging
   433 | D        | Reached *** piety under Sif Muna
   436 | D        | Killed an ice beast
   437 | D        | Reached skill level 7 in Earth Magic
   512 | D        | Noticed Terence
   516 | D        | Reached skill level 8 in Earth Magic
   516 | D        | Reached skill level 5 in Invocations
   516 | D        | Reached XP level 6. HP: 37/37 MP: 13/17
   518 | D        | Killed Terence
   518 | D        | Reached **** piety under Sif Muna
   725 | D        | Reached skill level 5 in Conjurations
   788 | D        | Noticed a floating eye
   788 | D        | Noticed Menkaure
   791 | D        | Killed Menkaure
   791 | D        | Paralysed by a floating eye for 3 turns
   792 | D        | Reached skill level 9 in Earth Magic
   792 | D        | Reached XP level 7. HP: 38/43 MP: 9/19
   795 | D        | Reached ***** piety under Sif Muna
  1007 | D        | Noticed a basilisk
  1007 | D        | Noticed a flayed ghost
  1012 | D        | Killed a basilisk
  1012 | D        | Received a gift from Sif Muna
  1017 | D        | Slain by a flayed ghost

Illustrated notes

Levels and vault maps discovered:
D:        pitsprint [storerooms_1, entrance_room_1, metal_vault_6, armoury_2,
          mini_pit_1, grid_room_1, main_hall_1, silver_pit, the_coven_1,
          the_vestibule_1, steel_vault_2, golden_pit, hallway_of_sentries,
          crystal_vault_1, iron_vault_3, final_vault]

Skill      XL: |  1  2  3  4  5  6  7 |
---------------+----------------------+-----
Fighting       | 1 2 3 4 |  4.6
Dodging        | 4 6 7 |  7.5
Stealth        | 4 5 6 7 8 |  8.1
Spellcasting   | 4 5 6 7 8 |  8.2
Conjurations   | 2 3 4 5 6 |  6.2
Earth Magic    | 5 6 8 9 |  9.9
Invocations    | 2 3 5 6 |  6.5
Transmutations | |  1.1

Action                     |  1- 3 |  4- 6 |  7- 9 || total
---------------------------+-------+-------+-------++-------
   Cast: Sandblast         |     7 |    21 |       ||    28
         Stone Arrow       |       |    10 |    11 ||    21
    Use: Scroll            |     1 |       |       ||     1
         Potion            |       |       |     2 ||     2
 Armour: Robe              |       |     2 |       ||     2
  Dodge: Dodged            |     2 |     7 |       ||     9

Table legend: (Time is in decaauts)
 A = Elapsed time spent in this place.
 B = Non-inter-level travel time spent in this place.
 C = Inter-level travel time spent in this place.
 D = Time resting spent in this place.
 E = Time spent auto-exploring this place.
 F = Levels seen in this place.
 G = Mean time per level.
                   A        B        C        D        E       F      G
               +--------+--------+--------+--------+--------+-----+--------+
         Total |   1030 |   1014 |     16 |    782 |      0 |   1 | 1030.0 |
       Dungeon |   1030 |   1014 |     16 |    782 |      0 |   1 | 1030.0 |
               +--------+--------+--------+--------+--------+-----+--------+

Top non-repeatable levels by time:
       D: 1030 daAuts
